 Seeded DCSS version 0.30.1-9-gdf580d7c3d (webtiles) character file.

Game seed: 920673320228942481 (custom seed)

105 Psyclone the Conjurer (level 4, -1/24 HPs)
             Began as a Deep Elf Conjurer on Oct 9, 2023.
             Slain by a hound (2 damage)
             ... on level 5 of the Dungeon.
             The game lasted 00:01:54 (552 turns).

Psyclone the Conjurer (Deep Elf Conjurer)            Turns: 552, Time: 00:01:55

Health: -1/24      AC:  2    Str:  4    XL:     4   Next: 53%
Magic:  9/10       EV: 12    Int: 25    God:
Gold:   0          SH:  0    Dex: 13    Spells: 6/9 levels left

rFire   . . .        (no weapon)
rCold   . . .        (no shield)
rNeg    . . .        a - +0 robe
rPois   .            (no helmet)
rElec   .            (no cloak)
rCorr   .            (no gloves)
SInv    .            (no boots)
Will    .....        e - amulet of the acrobat
Stlth   ++           (no ring)
HPRegen 0.24/turn    (no ring)
MPRegen 0.12/turn

%: acrobat
@: no status effects
A: no striking features
a: no special abilities


You were on level 5 of the Dungeon.
You visited 1 branch of the dungeon, and saw 5 of its levels.

Inventory:

Armour
 a - a +0 robe (worn)
Jewellery
 e - an amulet of the acrobat (around neck)
Scrolls
 c - 3 scrolls of acquirement {unknown}
Potions
 b - a potion of magic
 d - a potion of lignification {unknown}
 f - a potion of ambrosia {unknown}


   Skills:
 - Level 2.4 Dodging
 - Level 2.4 Stealth
 - Level 3.0 Spellcasting
 + Level 6.6 Conjurations


You had 6 spell levels left.
You knew the following spells:

 Your Spells              Type           Power      Damage    Failure   Level
a - Magic Dart            Conj           100%       1d8       1%          1
b - Searing Ray           Conj           72%        2d7       1%          2

Your spell library contained the following spells:

 Spells                   Type           Power      Damage    Failure   Level
 Dazzling Flash           Conj/Hex       40%        N/A       8%          3
 Stone Arrow              Conj/Erth      40%        3d9       8%          3
 Sandblast                Erth           6%         2d5       10%         1
 Passwall                 Tmut/Erth      2%         N/A       16%         2
 Fulminant Prism          Conj/Hex       10%        3d8       26%         4
 Iskenderun's Mystic Bla  Conj/Tloc      20%        2d6       26%         4


Dungeon Overview and Level Annotations

Branches:
Dungeon (5/15) Zot: 26838
 Temple: D:4-7

Altars:

Annotations:
D:5 Menkaure


Message History

You barely miss the hound. The hound completely misses you.
You closely miss the hound. The hound bites you. x2
The hound bites you.
* * * LOW HITPOINT WARNING * * *
The hound closely misses you. x2
The hound completely misses you. The hound bites you but does no damage.
You can't go down here!
You take 18 damage, and have 6/24 hp.
MASSIVE DAMAGE!!
You closely miss the hound. The hound closely misses you.
The hound completely misses you. The hound bites you.
* * * LOW HITPOINT WARNING * * *
The hound misses you. The hound misses you. x2
Found a robe.
The hound misses you. The hound completely misses you.
The hound barely misses you. The hound completely misses you.
The hound misses you. The hound completely misses you. The hound misses you.
The hound bites you.
* * * LOW HITPOINT WARNING * * *
The hound misses you. The hound completely misses you.
The hound completely misses you. The hound closely misses you.
The hound completely misses you. The hound closely misses you.
You take 1 damage, and have 5/24 hp.
You can't go down here!
Casting: Magic Dart (safe; 1% risk of failure)
Confirm with . or Enter, or press ? or * to list all spells.
Aiming: Magic Dart (safe; 1% risk of failure)
Press: ? - help, Shift-Dir - straight line, f - hound
Aim: a hound (100% to hit)
The magic dart hits the hound but does no damage.
The hound closely misses you. The hound completely misses you.
You now have 9/10 mp.
The hound barely misses you.
You can't go down here!
You closely miss the hound. The hound misses you. The hound bites you.
* * * LOW HITPOINT WARNING * * *
You hit the hound but do no damage. The hound bites you.
You die...

####### .......
##.....[. ###
###....... ##.#
###........
#..#########.......#..#
....#..##.#........#.[#
#..............h@#....#
...##.......####.# #..+
#..###.#.....#######..#
....##.........# ##...#
.....#.........###....#
............#.......†.#
....#......##...#.###.#
...##..#.......##.#...#
.≈.≈..##.......##.#.#.#


You could see a hound.

Vanquished Creatures
  A scorpion (D:5)
  A hound (D:4)
  A dart slug (D:1)
  3 orcs (D:4)
  A ball python (D:4)
  An endoplasm (D:3)
8 creatures vanquished.

Notes
Turn   | Place    | Note
-------+----------+-------------------------------------------
     0 | D:1      | Psyclone the Deep Elf Conjurer began the quest for the Orb.
     0 | D:1      | Reached XP level 1. HP: 10/10 MP: 6/6
   164 | D:4      | Noticed a hound
   169 | D:4      | Killed a hound
   170 | D:4      | Reached skill level 5 in Conjurations
   170 | D:4      | Reached XP level 2. HP: 15/15 MP: 2/8
   170 | D:4      | Reached XP level 3. HP: 19/19 MP: 2/9
   391 | D:5      | Entered Level 5 of the Dungeon
   417 | D:5      | Noticed a scorpion
   423 | D:5      | Killed a scorpion
   424 | D:5      | Reached skill level 6 in Conjurations
   424 | D:5      | Reached XP level 4. HP: 24/24 MP: 3/10
   479 | D:5      | Learned a level 2 spell: Searing Ray
   484 | D:5      | Noticed Menkaure
   551 | D:5      | HP: 1/24 [hound (5)]
   552 | D:5      | Slain by a hound

Illustrated notes

Levels and vault maps discovered:
D:1:      dpeg_arrival_orchard, layout_basic
D:2:      layout_loops_corners, uniq_natasha, uniq_crazy_yiuf_cottage
D:3:      layout_basic, serial_shops, nicolae_shop_stone, shop
D:4:      layout_basic, nicolae_figureground_sparkle, uniq_sigmund, uniq_robin,
          uniq_blork_the_orc
D:5:      layout_cave_pools, nicolae_ru_path_of_blood, minmay_quadrilaterals,
          uniq_menkaure, uniq_ijyb

Skill      XL: |  1  2  3 |
---------------+----------+-----
Conjurations   | 5 6 |  6.6
Dodging        | |  2.4
Stealth        | |  2.4
Spellcasting   | |  3.0

Action                     |  1- 3 |  4- 6 || total
---------------------------+-------+-------++-------
  Melee: Unarmed           |       |    10 ||    10
   Cast: Magic Dart        |    22 |     1 ||    23
 Armour: Robe              |       |     3 ||     3
  Dodge: Dodged            |     1 |    30 ||    31
